 Dungeon Crawl Stone Soup version 0.16-a0-1333-g4c30825 (webtiles) character file.

215 Psiweapon the Cudgeler (level 5, 0/41 HPs)
             Began as a Mummy Fighter on Oct 16, 2014.
             Slain by Sientara's ghost (12 damage)
             ... on level 3 of the Dungeon.
             The game lasted 00:09:07 (2593 turns).

Psiweapon the Cudgeler (Mummy Fighter)              Turns: 2593, Time: 00:09:07

Health: 0/41       AC:  7    Str: 19    XL:     5   Next: 60%
Magic:  5/5        EV:  6    Int:  8    God:
Gold:   115        SH:  8    Dex: 11    Spells: 0 memorised, 4 levels left

rFire  x . .     SeeInvis .     a - +0 flail
rCold  + + .     Clarity  .     b - +0 scale mail
rNeg   + + +     SustAb   .     c - +0 shield
rPois  +         Gourm    .     (no helmet)
rElec  .         Spirit   .     (no cloak)
rCorr  .         Warding  +     h - +0 pair of gloves
rMut   .         Stasis   .     (no boots)
MR     .....                    m - amulet of warding
Stlth  +.........               q - ring of stealth
                                p - ring of protection from cold

@: not resistant to hostile enchantments, very unstealthy
A: no food or potions, fire vulnerability, restore body, cold resistance 1,
negative energy resistance 3, poison resistance, torment resistance, unbreathing
a: no special abilities


You were on level 3 of the Dungeon.
You were not hungry.

You visited 1 branch of the dungeon, and saw 3 of its levels.

You collected 115 gold pieces.

Inventory:

Hand weapons
 a - a +0 flail (weapon)
 k - a +3 short sword
Missiles
 f - 23 stones (quivered)
 i - 23 bolts
 j - 6 poisoned needles
Armour
 b - a +0 scale mail (worn)
 c - a +0 shield (worn)
 h - a +0 pair of gloves (worn)
Jewellery
 m - an amulet of warding (around neck)
 p - a ring of protection from cold (left hand)
 q - a ring of stealth (right hand)
Scrolls
 d - 2 scrolls of identify
 e - a scroll of noise {unknown}
 g - 3 scrolls of magic mapping
 l - a scroll of fear {unknown}
 n - a scroll of enchant weapon {unknown}
 r - a scroll of recharging {unknown}
Books
 o - a Fen Folio

   Spells                             Type                      Level
   Corpse Rot                         Necromancy                   2
   Stone Arrow                        Conjuration/Earth            3
   Leda's Liquefaction                Hexes/Earth                  4
   Summon Forest                      Summoning/Translocation      5
   Hydra Form                         Transmutation                6
   Summon Hydra                       Summoning                    7


   Skills:
 - Level 3.3 Fighting
 + Level 4.4 Maces & Flails
 - Level 2.6 Armour
 - Level 2.7 Shields


You had 4 spell levels left.
You didn't know any spells.

Dungeon Overview and Level Annotations

Branches:
Dungeon (3/15)

Altars:

Annotations:
D:3 Sientara's ghost, average GrFi


Innate Abilities, Weirdness & Mutations

You do not eat or drink.
Your flesh is vulnerable to fire.
Your flesh is cold resistant.
You are immune to negative energy.
Your system is resistant to poisons.
You are immune to unholy pain and torment.
You can survive without breathing.


Message History

You hit Sientara's ghost.
Sientara's ghost is moderately damaged.
Sientara's ghost hits you but does no damage.
You closely miss Sientara's ghost.
Sientara's ghost is moderately damaged.
Sientara's ghost hits you.
You sock Sientara's ghost!
Sientara's ghost is severely damaged.
Sientara's ghost hits you! Sientara's ghost barely misses you.
You barely miss Sientara's ghost.
Sientara's ghost is heavily damaged.
You block Sientara's ghost's attack.
You hit Sientara's ghost.
Sientara's ghost is severely damaged.
Sientara's ghost hits you.
* * * LOW HITPOINT WARNING * * *
You hit Sientara's ghost.
Sientara's ghost is severely damaged.
Sientara's ghost hits you!
You die...

#.#..#(#.....#
#.# #.
#......###.###
#.# #.
#......###.#
#.# #.
#..........#
#.####
#.##....#..#
#.##..
.#.....(..#
#.##..
#..####.###
#.##..
...<.......#
#....#
#######.#@#
#.#### ...#W#
#.# ###.#(#
#.#### ###.#
#..... ..#
#####. ### #<
#. ##


You could see Sientara's ghost.

Vanquished Creatures
  3 orc wizards (D:3)
  6 adders
  3 worms
  An orc zombie (D:3)
  2 giant geckos
  An ooze (D:2)
  2 orcs (D:3)
  11 bats
  3 giant cockroaches
  5 goblins
  A hobgoblin (D:3)
  8 jackals
  A quokka (D:3)
  A ball python (D:1)
  5 giant newts
  7 kobolds
  3 rats
63 creatures vanquished.

Notes
Turn   | Place    | Note
--------------------------------------------------------------
     0 | D:1      | Psiweapon, the Mummy Fighter, began the quest for the Orb.
     0 | D:1      | Reached XP level 1. HP: 18/18 MP: 1/1
   341 | D:1      | Reached XP level 2. HP: 24/24 MP: 2/2
   892 | D:2      | Reached XP level 3. HP: 24/29 MP: 3/3
  1209 | D:2      | Reached XP level 4. HP: 21/35 MP: 4/4
  2266 | D:3      | Reached skill level 4 in Maces & Flails
  2266 | D:3      | Reached XP level 5. HP: 36/41 MP: 5/5
  2582 | D:3      | Noticed Sientara's ghost (average GrFi)
  2593 | D:3      | Slain by Sientara's ghost

Action                   |  1- 3 |  4- 6 || total
-------------------------+-------+-------++-------
Melee: Flail             |   138 |   133 ||   271
Throw: Stone             |       |     4 ||     4
  Use: Scroll            |       |     1 ||     1
